 Dungeon Crawl Stone Soup version 0.26.1-11-gd32895ea62 (webtiles) character file.

Game seed: 6873373839498446865

22035 porpoise the Slicer (level 13, -2/90 HPs)
             Began as a Halfling Wanderer on July 19, 2021.
             Was a High Priest of Okawaru.
             Slain by an enormous slime creature (20 damage)
             ... on level 12 of the Dungeon.
             The game lasted 00:45:18 (12197 turns).

porpoise the Slicer (Halfling Wanderer)            Turns: 12197, Time: 00:45:19

Health: -2/90      AC: 16    Str: 17    XL:     13   Next: 24%
Magic:  14/18      EV: 18    Int:  8    God:    Okawaru [*****.]
Gold:   750        SH:  0    Dex: 17    Spells: 12/12 levels left

rFire    . . .     SeeInvis .   a - +6 hunting sling "Halfling's Doom" {flame, Int+4}
rCold    . . .     Faith    .   (shield restricted)
rNeg     . . .     Spirit   .   A - +1 swamp dragon scales
rPois    +         Reflect  .   k - +2 hat
rElec    .         Harm     .   (no cloak)
rCorr    .         Rampage  .   (no gloves)
Will     .....                  P - +2 pair of boots
Stlth    ++........             h - amulet of regeneration
HPRegen  0.65/turn              N - -4 ring of intelligence (curse)
MPRegen  0.16/turn              (no ring)

@: finesse
A: small, mutation resistance 1
a: Renounce Religion, Heroism, Finesse


You were on level 12 of the Dungeon.
You worshipped Okawaru.
Okawaru was extremely pleased with you.
You visited 1 branch of the dungeon, and saw 12 of its levels.

You collected 750 gold pieces.

Inventory:

Hand Weapons
 a - the +6 hunting sling "Halfling's Doom" (weapon) {flame, Int+4}
   (You found it on level 6 of the Dungeon)

   It causes projectiles fired from it to burn those they strike, causing extra
   injury to most foes and up to half again as much damage against particularly
   susceptible opponents.
   It affects your intelligence (+4).
 b - a +2 short sword of draining
 o - a +0 hunting sling of freezing
 s - a +2 dagger of venom
 u - a +2 hand axe
 E - a +0 shortbow
 L - a +0 scimitar of flaming
 W - a +1 eveningstar of draining
Missiles
 c - 275 arrows
 e - 429 stones (quivered ammo)
 j - 177 sling bullets
 m - 7 datura-tipped darts
 t - 15 boomerangs
 w - 28 poisoned darts
 D - 3 throwing nets
Armour
 k - a +2 hat (worn)
 A - +1 swamp dragon scales (worn)
 P - a +2 pair of boots (worn)
Jewellery
 f - an uncursed amulet of reflection
 h - an amulet of regeneration (around neck)
 r - an uncursed amulet of faith
 N - a cursed -4 ring of intelligence (left hand)
 R - an uncursed ring of ice
 S - an uncursed ring of stealth
Wands
 n - a wand of acid (7)
 I - a wand of flame (29)
 M - a wand of disintegration (3)
 O - a wand of iceblast (7)
Scrolls
 g - 3 scrolls of amnesia
 i - 9 scrolls of remove curse
 l - 2 scrolls of blinking
 q - 3 scrolls of immolation
 y - 2 scrolls of teleportation
 G - a scroll of noise
 K - a scroll of fog
 T - a scroll of acquirement {unknown}
 V - a scroll of fear
 X - a scroll of brand weapon {unknown}
Potions
 d - 11 potions of curing
 p - a potion of might
 v - 2 potions of invisibility
 x - 5 potions of resistance
 z - 5 potions of ambrosia
 B - 2 potions of berserk rage
 C - 2 potions of attraction
 F - 2 potions of flight
 H - a potion of haste
 J - a potion of lignification
 Q - a potion of mutation
 U - a potion of cancellation {unknown}


   Skills:
 - Level 9.0 Fighting
 - Level 12.0 Short Blades
 - Level 4.0 Axes
 - Level 11.9(12.0) Slings
 - Level 1.0(5.4) Throwing
 + Level 10.9 Armour
 - Level 7.0 Dodging
 - Level 2.1 Stealth
 + Level 7.1 Invocations
 - Level 5.0 Evocations


You had 12 spell levels left.
You didn't know any spells.
Your spell library contained the following spells:

 Spells                   Type           Power        Failure   Level
 Cause Fear               Hex            0%           100%        4
 Silence                  Hex/Air        0%           100%        5
 Yara's Violent Unravell  Hex/Tmut       0%           100%        5
 Discord                  Hex            0%           100%        8


Dungeon Overview and Level Annotations

Branches:
Dungeon (12/15)            Temple (0/1) D:6            Lair (0/6) D:9
    Orc (0/2) D:9

Altars:
Cheibriados
Dithmenos
Elyvilon
Fedhas
Gozag
Hepliaklqana
Kikubaaqudgha
Okawaru
Ru
Sif Muna
Trog
Vehumet
Xom
Yredelemnul
Zin
The Shining One

Annotations:
D:2 Sigmund
D:3 2 transporters, nothank2's ghost, amateur GrEE
D:12 1 runed translucent door


Innate Abilities, Weirdness & Mutations

You are small and have problems with some larger weapons.
You are somewhat resistant to further mutation.


Message History

The enormous slime creature hits you!!
* * * LOW HITPOINT WARNING * * *
You are too injured to fight recklessly!
You are too injured to fight recklessly!
Aiming: Disintegrate
Press: ? - help, Shift-Dir - straight line, f/p - enormous slime creature
Aim: an enormous slime creature (almost dead, chance to affect: 69%)
The enormous slime creature struggles to resist.
The enormous slime creature hits you but does no damage.
Aiming: Disintegrate
Press: ? - help, Shift-Dir - straight line, f/p - enormous slime creature
Aim: an enormous slime creature (almost dead, chance to affect: 69%)
The enormous slime creature is blasted!!
The enormous slime creature misses you.
Aiming: Disintegrate
Press: ? - help, Shift-Dir - straight line, f/p - enormous slime creature
Aim: an enormous slime creature (almost dead, chance to affect: 69%)
The enormous slime creature struggles to resist.
The enormous slime creature hits you!!
You die...

.(.. .. (... .. (..
#.. (.# #.. (.# #..
((#
####..####J.#####
.........@.......
..
.......>...........
.#
#..#####..#########
.# #..# #..# .#
#..# #..# .# #..#
#..##########
.#####..#
#...........#
........#
#...........#
........#
#..##########


You could see an enormous slime creature.

Vanquished Creatures
  Erolcha (D:10)
  Harold (D:8)
  Erica (D:8)
  A two-headed ogre (D:10)
  A centaur warrior (D:12)
  A death drake (shapeshifter) (D:12)
  2 unseen horrors
  4 ugly things
  A deep elf mage (D:12)
  3 cyclopes
  Joseph (D:7)
  2 gargoyles
  A centaur skeleton (D:12)
  A kobold demonologist (D:11)
  A komodo dragon (D:11)
  A troll (D:11)
  2 slime creatures (D:12)
  A shadow (D:11)
  3 wyverns (D:9)
  Eustachio (D:5)
  2 basilisks
  3 vampire mosquitoes (D:12)
  2 acid dragons (D:12)
  Edmund (D:5)
  2 soldier ants
  4 water moccasins
  A hornet zombie (D:9)
  3 orc warriors
  4 sky beasts
  An eye of draining (shapeshifter) (D:10)
  2 black bears (D:10)
  2 eyes of draining
  7 ogres
  3 ice beasts
  3 wolves
  6 centaurs
  4 big kobolds
  6 bullfrogs
  A wyvern zombie (D:12)
  3 scorpions
  A water moccasin skeleton (D:7)
  9 killer bees
  4 howler monkeys
  2 electric eels (D:8)
  7 wights
  3 bullfrog zombies
  3 centaur zombies
  5 hounds
  3 jellies
  7 orc priests
  10 orc wizards
  5 iguanas
  Terence (D:3)
  8 worker ants
  Natasha (D:3)
  6 hound zombies
  3 gnolls (D:5)
  3 worker ant zombies
  15 adders
  A shadow imp (D:8)
  5 white imps
  2 oozes
  2 adder zombies
  3 adder skeletons (D:4)
  2 worms
  2 dart slugs
  5 leopard geckos
  44 orcs
  4 bats
  5 giant cockroaches
  13 goblins
  9 hobgoblins
  10 jackals
  3 quokkas
  A frilled lizard (D:2)
  A giant cockroach zombie (D:5)
  A jackal skeleton (D:4)
  22 kobolds
  A leopard gecko zombie (D:4)
  10 rats
332 creatures vanquished.

Vanquished Creatures (others)
  An adder skeleton (D:8)
  A kobold (D:2)
  A quokka (D:2)
  2 frilled lizards (D:2)
  A fungus (D:9)
  9 plants (D:9)
  A withered plant (D:4)
16 creatures vanquished.

Grand Total: 348 creatures vanquished

Notes
Turn   | Place    | Note
-------+----------+-------------------------------------------
     0 | D:1      | porpoise the Halfling Wanderer began the quest for the Orb.
     0 | D:1      | porpoise set off with the following items: a +2 hand axe, a
                  | +0 shortbow, 28 arrows, a potion of curing, a +0 robe, a +0
                  | dagger
     0 | D:1      | Reached XP level 1. HP: 14/14 MP: 1/1
   169 | D:1      | Reached XP level 2. HP: 18/20 MP: 2/2
   620 | D:1      | Reached XP level 3. HP: 24/25 MP: 3/3
   802 | D:1      | You fall into a shaft and drop 1 floor!
  1180 | D:2      | Reached XP level 4. HP: 27/32 MP: 4/4
  1249 | D:2      | Found a radiant altar of Vehumet.
  1644 | D:2      | Noticed Sigmund
  2045 | D:3      | Found a sacrificial altar of Ru.
  2075 | D:3      | Reached XP level 5. HP: 17/38 MP: 5/5
  2142 | D:3      | Noticed Terence
  2167 | D:3      | Killed Terence
  2269 | D:3      | Reached skill level 5 in Fighting
  2311 | D:3      | Found a transporter.
  2342 | D:3      | Found an opulent altar of Gozag.
  2608 | D:3      | Reached skill level 1 in Short Blades
  2608 | D:3      | Reached XP level 6. HP: 30/45 MP: 6/6
  2834 | D:3      | Noticed Natasha
  2841 | D:3      | Killed Natasha
  2871 | D:3      | Noticed nothank2's ghost (amateur GrEE)
  2883 | D:3      | Found a transporter.
  3124 | D:4      | Reached skill level 2 in Short Blades
  3179 | D:4      | Reached skill level 3 in Short Blades
  3194 | D:4      | Reached XP level 7. HP: 30/51 MP: 7/7
  3600 | D:4      | Reached skill level 4 in Short Blades
  3795 | D:4      | Found an iron altar of Okawaru.
  3802 | D:4      | Became a worshipper of Warmaster Okawaru
  4239 | D:5      | Entered Level 5 of the Dungeon
  4258 | D:5      | Reached skill level 1 in Invocations
  4258 | D:5      | Reached XP level 8. HP: 58/58 MP: 7/9
  4259 | D:5      | Noticed Edmund
  4273 | D:5      | Killed Edmund
  4294 | D:5      | Found a shadowy altar of Dithmenos.
  4372 | D:5      | Noticed Eustachio
  4387 | D:5      | Killed Eustachio
  4387 | D:5      | Reached * piety under Okawaru
  4968 | D:5      | Reached skill level 5 in Armour
  5009 | D:5      | Found a glowing golden altar of the Shining One.
  5057 | D:5      | Found a bloodstained altar of Trog.
  5383 | D:6      | Reached XP level 9. HP: 54/64 MP: 11/11
  5576 | D:6      | Found a staircase to the Ecumenical Temple.
  5708 | D:6      | Reached ** piety under Okawaru
  5734 | D:6      | Got a polished hunting sling
  5735 | D:6      | Identified the +6 hunting sling "Halfling's Doom" {flame,
                  | Int+4} (You found it on level 6 of the Dungeon)
  5789 | D:6      | Reached skill level 1 in Slings
  5789 | D:6      | Reached skill level 1 in Dodging
  5922 | D:6      | Found an ancient bone altar of Kikubaaqudgha.
  6490 | D:7      | Noticed Joseph
  6584 | D:7      | Killed Joseph
  6584 | D:7      | Reached *** piety under Okawaru
  6585 | D:7      | Reached skill level 5 in Slings
  6697 | D:7      | Reached skill level 5 in Dodging
  6786 | D:7      | Found a shimmering blue altar of Sif Muna.
  6827 | D:7      | Reached XP level 10. HP: 71/71 MP: 12/12
  7243 | D:8      | Found a shimmering altar of Xom.
  7246 | D:8      | Found a bloodstained altar of Trog.
  7254 | D:8      | Found a snail-covered altar of Cheibriados.
  7257 | D:8      | Found a basalt altar of Yredelemnul.
  7335 | D:8      | Reached skill level 7 in Short Blades
  7335 | D:8      | Reached XP level 11. HP: 78/78 MP: 12/16
  7392 | D:8      | Found a white marble altar of Elyvilon.
  7435 | D:8      | Noticed Harold
  7451 | D:8      | Killed Harold
  7545 | D:8      | Noticed Erica
  7559 | D:8      | Killed Erica
  7719 | D:8      | You fall into a shaft and drop 2 floors!
  7719 | D:10     | Entered Level 10 of the Dungeon
  7960 | D:10     | Noticed a two-headed ogre
  7968 | D:10     | Reached skill level 10 in Slings
  7974 | D:10     | Killed a two-headed ogre
  7974 | D:10     | Received a gift from Okawaru
  8311 | D:10     | Killed an unseen horror
  8501 | D:9      | Found a staircase to the Lair.
  8506 | D:9      | Found a hazy altar of Hepliaklqana.
  8512 | D:9      | Reached **** piety under Okawaru
  8624 | D:9      | Reached skill level 8 in Short Blades
  8728 | D:9      | Reached XP level 12. HP: 85/85 MP: 17/17
  8775 | D:9      | Found a staircase to the Orcish Mines.
  8786 | D:9      | Reached skill level 5 in Evocations
  8931 | D:9      | Found a blossoming altar of Fedhas.
  9029 | D:9      | Found a glowing silver altar of Zin.
  9178 | D:9      | You fall into a shaft and drop 2 floors!
  9228 | D:10     | Noticed Erolcha
  9241 | D:10     | Killed Erolcha
  9249 | D:10     | Reached skill level 9 in Short Blades
 10239 | D:11     | Received a gift from Okawaru
 10316 | D:11     | Received a gift from Okawaru
 10325 | D:11     | Reached ***** piety under Okawaru
 10641 | D:11     | Reached skill level 10 in Short Blades
 11029 | D:11     | Received a gift from Okawaru
 11190 | D:12     | Noticed an angel
 11205 | D:12     | Noticed an unseen horror
 11270 | D:12     | Killed an unseen horror
 11313 | D:12     | Noticed a centaur warrior
 11336 | D:12     | Killed a centaur warrior
 11336 | D:12     | Received a gift from Okawaru
 11429 | D:12     | Reached skill level 11 in Short Blades
 11524 | D:12     | Found a glowing silver altar of Zin.
 11524 | D:12     | Found a runed translucent door.
 11575 | D:12     | Noticed a death drake
 11600 | D:12     | Killed a death drake
 11601 | D:12     | Reached skill level 10 in Armour
 11601 | D:12     | Reached XP level 13. HP: 54/90 MP: 18/18
 12119 | D:12     | Received a gift from Okawaru
 12120 | D:12     | Reached skill level 12 in Short Blades
 12197 | D:12     | Slain by an enormous slime creature

Illustrated notes

Levels and vault maps discovered:
D:1:      saegor_arrival_simple_c, layout_loops_ring
D:2:      layout_loops_ring, fiery_altar_vehumet, minmay_octomino_j4,
          uniq_sigmund
D:3:      wad_pebble_path, layout_loops_ring,
          nicolae_ru_great_annihilating_truth, gammafunk_ghost_stat_death,
          nicolae_gozag_cash_rules_everything_around_me, uniq_terence,
          uniq_natasha
D:4:      layout_gridville, overflow_temple_1_default, serial_undead,
          serial_undead_c, serial_undead_c, serial_undead_e, serial_undead_f
D:5:      cheibrodos_thug_alley, layout_basic, grunt_dithmenos_smoke,
          kennysheep_mini_moat, hex_intersection,
          hangedman_abyss_or_decor_lesser_grid, trog_hazing_becter,
          uniq_eustachio, uniq_edmund
D:6:      layout_rooms, nicolae_overflow_hidden_temple, minmay_temple_entry_grid
D:7:      layout_basic, kennysheep_little_box, uniq_joseph
D:8:      layout_basic, elyvilon_altar_1, grunt_temple_overflow_cloverleaf,
          gammafunk_ghost_abyssal_escape, kennysheep_cross_room, chequers_jeans,
          uniq_erica, uniq_harold
D:9:      layout_long_grid, general_overflow_altar, lemuel_round_altar,
          lemuel_doored_altar, minmay_lair_entry_grove, orc_0_dummy
D:10:     layout_gridville, uniq_erolcha
D:11:     layout_basic
D:12:     minmay_the_grid_triangle_9x9_rhombus_thin_mashed
          [minmay_the_grid_triangle_9x9_sprig,
          minmay_the_grid_triangle_9x9_prize_schism,
          minmay_the_grid_triangle_9x9_dagger,
          minmay_the_grid_triangle_9x9_from_above], layout_small_grid,
          lemuel_angel_altar

Skill      XL: |  1  2  3  4  5  6  7  8  9 10 11 12 13 |
---------------+----------------------------------------+-----
Fighting       | 2 3 4 5 6 7 8 9 |  9.0
Short Blades   | 1 3 4 7 8 11 12 | 12.0
Invocations    | 1 3 7 |  7.1
Armour         | 6 7 10 | 10.9
Slings         | 7 11 | 11.9
Dodging        | 5 6 7 |  7.0
Evocations     | 4 5 |  5.0
Axes           | |  4.0
Throwing       | |  1.0
Stealth        | |  2.1

Action                   |  1- 3 |  4- 6 |  7- 9 | 10-12 | 13-15 || total
-------------------------+-------+-------+-------+-------+-------++-------
Melee: Hand axe          |    75 |   110 |       |       |       ||   185
       Short sword       |       |    75 |   263 |   119 |    11 ||   468
 Fire: Shortbow          |     9 |    45 |   110 |       |       ||   164
       Hunting sling     |       |       |    90 |   571 |   132 ||   793
Invok: Heroism           |       |       |     2 |     8 |       ||    10
       Finesse           |       |       |       |     2 |     1 ||     3
Evoke: Wand              |       |       |       |     2 |     3 ||     5
  Use: Potion            |       |       |     3 |     3 |       ||     6
       Scroll            |       |       |    18 |     7 |       ||    25
 Stab: Sleeping          |     2 |     3 |     2 |     1 |       ||     8
       Paralysed         |       |     1 |       |       |       ||     1
Armor: Leather armour    |    11 |    13 |       |       |       ||    24
       Robe              |     1 |       |       |       |       ||     1
       Scale mail        |       |    27 |    21 |       |       ||    48
       Swamp dragon scal |       |       |    75 |   109 |    12 ||   196
Dodge: Dodged            |    53 |    99 |   171 |   217 |    35 ||   575
